AoeStats
← CTGZealot

Enclosed

504930772Analyzed
1v1 RM · 24d ago on Sep 7, 2026· 27m 46s· 2 players
Game mode
Random Map
Map size
Tiny (2 player)
Population
200
Speed
Normal
Resources
Standard
Victory
Conquest
Starting age
Dark Age
Ending age
Imperial Age
RankedLock teamsTeams togetherTeam positionsShared explorationLock speedFull tech treeHidden civsTurbo modeCheats
Victory
Defeat
604
+20
🇺🇸 Sicilians · United States
700
-20
CTGZealot
6:20 Loom
10:10 Feudal Age
10:35 Horse Collar
11:53 Double-Bit Axe
13:27 Wheelbarrow
17:32 Fletching
19:30 Scale Mail Armor
25:04 Town Watch
25:12 Gold Mining
Navix de los Bosques de Lituania
9:20 Loom
12:22 Feudal Age
12:24 Man-at-Arms
12:49 Arson
14:17 Scale Mail Armor
14:27 Forging
14:25 Long Swordsman
19:35 Horse Collar
23:33 Wheelbarrow
23:38 Double-Bit Axe
25:10 Gold Mining
Connection lost

Rejoining the realm…

Still unreachable

The connection could not be restored.

Session expired

The server has moved on; the page needs a fresh start.